[Event "Titled Tuesday Blitz February 28 Late 2023"]
[White "Burke, Paul"]
[Black "Ehlvest, Jaan"]
[WhiteFideId "2605767"]
[BlackFideId "4500016"]
[WhiteElo "1894"]
[BlackElo "2442"]
[Result "0-1"]
[Round "01"]
[TimeControl "180+2"]
[Date "2023.02.28"]
[WhiteClock "0:00:52"]
[BlackClock "0:01:41"]

1. e4 c5 2. Nf3 Nc6 3. d4 cxd4 4. c3 dxc3 5. Nxc3 e6 6. Bf4 a6 7. Bd3 d6 8. Qe2 Nge7 9. Rd1 Ng6 10. Bg3 Be7 11. e5 d5 12. a3 b5 13. h4 h6 14. h5 Nf8 15. Bb1 Nd7 16. Nxd5 exd5 17. e6 fxe6 18. Qxe6 Nde5 19. Bg6+ Kf8 20. Qxd5 Qxd5 21. Rxd5 Nxg6 22. hxg6 Be6 23. Rd1 Bf5 24. Ne5 Nxe5 25. Bxe5 Bxg6 26. Rh3 Re8 27. Rf3+ Bf6 28. Re3 Rxe5 0-1


[Site "https://www.chess.com"]

[Event "Titled Tuesday Blitz February 28 Late 2023"]
[White "Koc, Przemyslaw"]
[Black "tandercat"]
[WhiteFideId "1109081"]
[WhiteElo "2161"]
[BlackElo "1877"]
[Result "1-0"]
[Round "01"]
[TimeControl "180+2"]
[Date "2023.02.28"]
[WhiteClock "0:01:18"]
[BlackClock "0:00:04"]

1. Nf3 c5 2. e3 g6 3. d4 cxd4 4. exd4 Bg7 5. c3 Nf6 6. Bg5 O-O 7. Nbd2 d6 8. Be2 Nc6 9. O-O Bf5 10. Re1 h6 11. Bxf6 Bxf6 12. d5 Ne5 13. Nd4 Qc8 14. f4 Nd3 15. Nxf5 Qxf5 16. Bxd3 Qxd3 17. Ne4 Qxd1 18. Nxf6+ exf6 19. Raxd1 Rfe8 20. Kf2 f5 21. Rxe8+ Rxe8 22. Re1 Re4 23. g3 Kf8 24. Re3 Ke7 25. Kf3 Rxe3+ 26. Kxe3 f6 27. Kd4 Kd7 28. c4 b6 29. b4 g5 30. h4 Kc7 31. c5 g4 32. cxb6+ Kxb6 33. Kc4 a6 34. h5 a5 35. Kb3 Kb5 36. a4+ Kb6 37. bxa5+ Kxa5 38. Ka3 Ka6 39. Kb4 Kb6 40. a5+ Ka6 41. Ka4 Kb7 42. Kb5 1-0


[Site "https://www.chess.com"]

[Event "Titled Tuesday Blitz February 28 Late 2023"]
[White "Averjanov, Alexey"]
[Black "Nakamura, Hikaru"]
[WhiteFideId "14109867"]
[BlackFideId "2016192"]
[WhiteElo "2658"]
[BlackElo "2879"]
[Result "0-1"]
[Round "02"]
[TimeControl "180+2"]
[Date "2023.02.28"]
[WhiteClock "0:00:02"]
[BlackClock "0:01:29"]

1. d4 d6 2. c4 f5 3. Nf3 g6 4. g3 Bg7 5. Bg2 e5 6. O-O e4 7. Nfd2 c6 8. e3 d5 9. Nc3 Be6 10. b3 Nf6 11. f4 exf3 12. Qxf3 O-O 13. Bb2 Re8 14. Rae1 Na6 15. a3 Qd7 16. h3 Re7 17. Kh2 Rae8 18. Re2 h5 19. Rfe1 Ne4 20. Ncxe4 fxe4 21. Qf1 Rf7 22. Qg1 Qd6 23. h4 Bf6 24. Bxe4 Rg7 25. Bd3 Bg4 26. e4 Bxh4 27. Rf2 Nc7 28. cxd5 cxd5 29. Ref1 Bg5 30. exd5 Bxd2 31. Rxd2 Nxd5 32. Rdf2 Bd7 33. Bc4 Kh7 34. Bc1 Ne3 35. Bxe3 Rxe3 36. Rf7 Re7 37. Rxg7+ Kxg7 38. Qf2 Bf5 39. Re1 Rxe1 40. Qxe1 Qxd4 41. Qe7+ Kh6 42. Qf8+ Qg7 43. Qd6 Qb2+ 44. Kg1 Qc1+ 45. Kh2 Qc2+ 46. Kg1 Qe4 47. Qf8+ Kg5 48. Qd8+ Kg4 49. Qh4+ Kf3 50. Qh1+ Ke3 0-1


[Site "https://www.chess.com"]

[Event "Titled Tuesday Blitz February 28 Late 2023"]
[White "Carlsen, Magnus"]
[Black "Al-Tarboush, Ward"]
[WhiteFideId "1503014"]
[BlackFideId "7601450"]
[WhiteElo "2852"]
[BlackElo "2267"]
[Result "1-0"]
[Round "02"]
[TimeControl "180+2"]
[Date "2023.02.28"]
[WhiteClock "0:00:52"]
[BlackClock "0:00:02"]

1. e4 c5 2. Nf3 Nc6 3. Bb5 e6 4. Bxc6 bxc6 5. d3 Ne7 6. Qe2 f6 7. e5 fxe5 8. Nxe5 d6 9. Nc4 e5 10. f4 Nf5 11. fxe5 Nd4 12. Qf2 dxe5 13. O-O Be6 14. c3 Nf5 15. Qe2 Bd6 16. Nbd2 O-O 17. Ne4 Bc7 18. Nxc5 Bxc4 19. dxc4 Bb6 20. Be3 Nxe3 21. Qxe3 Qe7 22. b4 Bxc5 23. Qxc5 Qxc5+ 24. bxc5 Rxf1+ 25. Kxf1 Rf8+ 26. Ke2 Rf4 27. Kd3 Rf2 28. Re1 Rxg2 29. Rxe5 Kf7 30. Rf5+ Ke7 31. Rh5 h6 32. a4 Ra2 33. Rh4 Rxa4 34. Re4+ Kf7 35. Rd4 Ke7 36. Rd6 Ra6 37. h4 g5 38. h5 g4 39. Rxh6 g3 40. Rg6 Ra1 41. Rxg3 Rh1 42. Rg5 a5 43. Kc2 a4 44. Kb2 Rh4 45. Rg7+ Ke6 46. Rg6+ Kd7 47. h6 Rxc4 48. Rd6+ Kc7 49. Rd4 Rxc5 50. Rh4 Rb5+ 51. Ka3 Rb8 52. h7 Rh8 53. Kxa4 Kd6 54. Kb4 Kd5 55. c4+ Kd6 56. Rh6+ Kc7 57. Kc5 Kd7 58. Kb6 Rb8+ 59. Ka7 Rh8 60. Kb7 c5 61. Kb6 Ke7 62. Kxc5 Kf7 63. Kd6 Kg7 64. Rh4 Rd8+ 65. Ke7 Rh8 66. Rg4+ Kh6 67. Rh4+ Kg7 68. Rh1 Kg6 69. c5 Kf5 70. c6 Ke5 71. c7 Rc8 72. Rh5+ Ke4 73. Kd7 Rh8 74. c8=Q Rxc8 75. Kxc8 1-0


[Site "https://www.chess.com"]

[Event "Titled Tuesday Blitz February 28 Late 2023"]
[White "Barbosa, Evandro Amorim"]
[Black "Yu, Yangyi"]
[WhiteFideId "2115824"]
[BlackFideId "8603820"]
[WhiteElo "2439"]
[BlackElo "2783"]
[Result "1/2-1/2"]
[Round "02"]
[TimeControl "180+2"]
[Date "2023.02.28"]
[WhiteClock "0:00:08"]
[BlackClock "0:00:08"]

1. e4 e5 2. Nf3 Nc6 3. Bb5 a6 4. Ba4 Nf6 5. O-O Be7 6. Re1 b5 7. Bb3 d6 8. c3 O-O 9. h3 Na5 10. Bc2 c5 11. d4 Qc7 12. Nbd2 cxd4 13. cxd4 Nc6 14. Nb3 Nb4 15. Bb1 a5 16. Be3 a4 17. Nbd2 Bd7 18. a3 Nc6 19. Bd3 Qb7 20. Rc1 Rfc8 21. Qe2 Rab8 22. dxe5 Nxe5 23. Nxe5 dxe5 24. Bg5 h6 25. Bh4 Rxc1 26. Rxc1 Rc8 27. Rxc8+ Qxc8 28. Bxf6 Bxf6 29. Bxb5 Qc1+ 30. Nf1 Be6 31. Kh2 Bb3 32. Ne3 Bg5 33. Nd5 g6 34. g3 Kg7 35. h4 Bd8 36. h5 Bg5 37. hxg6 fxg6 38. Qf3 Qxb2 39. Be8 Bxd5 40. exd5 Bf6 41. d6 e4 42. Qe3 Bd4 43. Qf4 Qxf2+ 44. Qxf2 Bxf2 45. Bxa4 Bb6 46. Kg2 Kf6 47. Bc6 e3 48. Kf3 h5 49. d7 Ke7 50. Be4 g5 51. Bg6 h4 52. gxh4 gxh4 53. Bf5 Kd8 54. Bh3 Kc7 55. Ke2 Kd8 56. Kf3 Kc7 57. Ke2 Kd8 58. Kf3 1/2-1/2


[Site "https://www.chess.com"]

[Event "Titled Tuesday Blitz February 28 Late 2023"]
[White "Vachier-Lagrave, Maxime"]
[Black "Fiorito, Francisco"]
[WhiteFideId "623539"]
[BlackFideId "180165"]
[WhiteElo "2740"]
[BlackElo "2341"]
[Result "1-0"]
[Round "02"]
[TimeControl "180+2"]
[Date "2023.02.28"]
[WhiteClock "0:01:20"]
[BlackClock "0:01:24"]

1. e4 c5 2. Nf3 Nc6 3. c3 Nf6 4. e5 Nd5 5. Bc4 Nb6 6. Bb3 d5 7. exd6 Qxd6 8. O-O Bf5 9. d4 cxd4 10. Na3 a6 11. cxd4 e6 12. Bg5 Be7 13. Bxe7 Nxe7 14. Ne5 O-O 15. Nac4 Nxc4 16. Nxc4 Qd8 17. Re1 Nc6 18. d5 exd5 19. Ne3 Be6 20. Bxd5 Bxd5 21. Nxd5 Qg5 22. Qf3 Rad8 23. Rad1 h6 24. g3 Qg6 25. Qb3 Qh5 26. Kg2 Kh8 27. Nf4 Qb5 28. Rxd8 Rxd8 29. Qxf7 Qxb2 30. Re6 Ne5 31. Rxe5 1-0


[Site "https://www.chess.com"]

[Event "Titled Tuesday Blitz February 28 Late 2023"]
[White "Sieciechowicz, Marcin"]
[Black "Caruana, Fabiano"]
[WhiteFideId "1130170"]
[BlackFideId "2020009"]
[WhiteElo "2302"]
[BlackElo "2818"]
[Result "1/2-1/2"]
[Round "02"]
[TimeControl "180+2"]
[Date "2023.02.28"]
[WhiteClock "0:00:04"]
[BlackClock "0:00:07"]

1. d4 Nf6 2. c4 Nc6 3. Nc3 e5 4. d5 Ne7 5. Nf3 Ng6 6. h4 h5 7. Bg5 d6 8. Qc2 Be7 9. e3 Ng4 10. Bd3 Nf8 11. Bxe7 Qxe7 12. Nb5 a6 13. Qa4 Kd8 14. Nc3 Nd7 15. Qc2 Ke8 16. Bf5 Kf8 17. O-O-O g6 18. Bxg4 hxg4 19. Ng5 Kg7 20. g3 a5 21. Kb1 Nc5 22. f4 gxf3 23. Nxf3 Bg4 24. Rdf1 Rh5 25. Ng5 f6 26. Nge4 Nxe4 27. Nxe4 Rf5 28. Ka1 Rh8 29. Qg2 Qd7 30. Nc3 Rhh5 31. e4 Rxf1+ 32. Qxf1 f5 33. exf5 Rxf5 34. Qd3 Rf3 35. Qd2 Qf5 36. a3 Rf1+ 37. Rxf1 Qxf1+ 38. Ka2 Qxc4+ 39. Ka1 Qf1+ 40. Ka2 Qf6 41. Qe3 Qf7 42. Qa7 b6 43. Qb7 Bf3 44. Qc6 e4 45. Qc4 Kh7 46. Qd4 Qe7 47. Qe3 Qe5 48. a4 Qxg3 49. Nxe4 Qxh4 50. Qxf3 Qe7 51. Nf6+ Kg7 52. Ng4 Qf7 53. Qc3+ Kf8 54. Qc4 Ke8 55. Ne3 Kd8 56. Nc2 g5 57. Nd4 Ke8 58. Ne6 g4 59. Qxg4 Ke7 60. Qg5+ Qf6 61. Qg4 Qf7 62. Qc4 Qe8 63. Qxc7+ Kf6 64. Qxd6 Qxa4+ 65. Qa3 Qc4+ 66. Qb3 Qe4 67. Qc3+ Ke7 68. Nd4 Qxd5+ 69. b3 Kd7 70. Qc4 Qxc4 71. bxc4 Kd6 72. Kb3 Kc5 73. Nc2 b5 74. cxb5 Kxb5 75. Na3+ Kc6 76. Ka4 Kd5 77. Kxa5 1/2-1/2


[Site "https://www.chess.com"]

[Event "Titled Tuesday Blitz February 28 Late 2023"]
[White "Andreikin, Dmitry"]
[Black "Kim, Yoon-Young"]
[WhiteFideId "4158814"]
[BlackFideId "30908779"]
[WhiteElo "2736"]
[BlackElo "2217"]
[Result "1-0"]
[Round "02"]
[TimeControl "180+2"]
[Date "2023.02.28"]
[WhiteClock "0:02:01"]
[BlackClock "0:00:07"]

1. c4 e5 2. e3 Nf6 3. Nc3 d5 4. cxd5 Nxd5 5. Nf3 Nxc3 6. bxc3 Bd6 7. d4 e4 8. Nd2 Qe7 9. Qc2 f5 10. Bc4 Nd7 11. a4 Nf6 12. a5 f4 13. exf4 Bxf4 14. Nf1 Bd6 15. Bg5 Bd7 16. Ne3 c6 17. O-O h6 18. Bh4 g5 19. Bg3 Bf4 20. Rab1 Rb8 21. d5 h5 22. dxc6 Bxc6 23. Nf5 Qd7 24. Nd4 h4 25. Bxf4 gxf4 26. Nxc6 1-0


[Site "https://www.chess.com"]

[Event "Titled Tuesday Blitz February 28 Late 2023"]
[White "Bjelobrk, Igor"]
[Black "Firouzja, Alireza"]
[WhiteFideId "4300726"]
[BlackFideId "12573981"]
[WhiteElo "2335"]
[BlackElo "2904"]
[Result "0-1"]
[Round "02"]
[TimeControl "180+2"]
[Date "2023.02.28"]
[WhiteClock "0:00:29"]
[BlackClock "0:00:32"]

1. d4 Nf6 2. c4 g6 3. Nc3 Bg7 4. e4 d6 5. Nf3 O-O 6. Be2 e5 7. d5 a5 8. Bg5 h6 9. Be3 Ng4 10. Bc1 Na6 11. h3 Nf6 12. Be3 Nh7 13. g4 Nc5 14. Rg1 Nf6 15. Nd2 c6 16. h4 a4 17. a3 Qa5 18. Kf1 Bd7 19. h5 gxh5 20. gxh5 Kh8 21. Rg3 Rg8 22. Kg2 cxd5 23. cxd5 b5 24. Qc2 Nb3 25. Nxb3 axb3 26. Qxb3 b4 27. Nb1 Nxe4 28. Nd2 Nxg3 29. fxg3 bxa3 30. Rxa3 Qd8 31. Nc4 Rb8 32. Qd1 Bf5 33. Ra6 Be4+ 34. Bf3 Qc8 35. Rc6 Qg4 36. Bxe4 Qxd1 0-1


[Site "https://www.chess.com"]

[Event "Titled Tuesday Blitz February 28 Late 2023"]
[White "Duda, Jan-Krzysztof"]
[Black "Diaz Perez, Michel Alejandro"]
[WhiteFideId "1170546"]
[BlackFideId "3517179"]
[WhiteElo "2790"]
[BlackElo "2333"]
[Result "1-0"]
[Round "02"]
[TimeControl "180+2"]
[Date "2023.02.28"]
[WhiteClock "0:00:19"]
[BlackClock "0:00:25"]

1. c3 Nf6 2. d4 d5 3. Bf4 c6 4. e3 Bf5 5. Qb3 Qb6 6. c4 e6 7. c5 Qxb3 8. axb3 Nbd7 9. h3 Be7 10. Nc3 a6 11. b4 Rc8 12. Nf3 Bd8 13. Nd2 Bc7 14. g4 Bg6 15. Be2 Ng8 16. Nb3 Ne7 17. Na5 Bxf4 18. exf4 Rc7 19. f3 f6 20. Kf2 h6 21. Rhe1 Kf7 22. Bf1 Re8 23. h4 Nc8 24. Re3 Bh7 25. Rae1 Re7 26. Na4 g5 27. fxg5 fxg5 28. hxg5 hxg5 29. Kg3 Kf6 30. Nc3 e5 31. Ne2 exd4 32. Nxd4 Rxe3 33. Rxe3 Ne5 34. f4 gxf4+ 35. Kxf4 Ng6+ 36. Kg3 Ne5 37. g5+ Kxg5 38. Ne6+ Kf6 39. Nxc7 Ne7 40. Ne8+ Ke6 41. Bh3+ Bf5 42. Ng7+ Kf6 43. Nxf5 Nxf5+ 44. Bxf5 Kxf5 45. Nxb7 d4 46. Nd6+ Ke6 47. Re4 Kd5 48. Kf4 Nd3+ 49. Kf5 Nxb4 50. Re5# 1-0


[Site "https://www.chess.com"]

[Event "Titled Tuesday Blitz February 28 Late 2023"]
[White "Martynov, Pavel"]
[Black "Paravyan, David"]
[WhiteFideId "4101260"]
[BlackFideId "4194985"]
[WhiteElo "2314"]
[BlackElo "2577"]
[Result "1/2-1/2"]
[Round "02"]
[TimeControl "180+2"]
[Date "2023.02.28"]
[WhiteClock "0:01:07"]
[BlackClock "0:00:37"]

1. e4 e5 2. Nf3 Nf6 3. Nxe5 d6 4. Nf3 Nxe4 5. d4 d5 6. Bd3 Bd6 7. O-O O-O 8. Re1 Bf5 9. c4 c6 10. Nc3 Nxc3 11. bxc3 Bxd3 12. Qxd3 dxc4 13. Qxc4 b5 14. Qd3 Nd7 15. Bd2 Qc7 16. h3 Rfe8 17. c4 bxc4 18. Qxc4 Nb6 19. Rxe8+ Rxe8 20. Qa6 h6 21. Rc1 Qd7 22. a4 Rc8 23. a5 Nd5 24. Ne5 Bxe5 25. dxe5 Nc7 26. Qb7 Rd8 27. Be3 Nd5 28. Qxd7 Rxd7 29. Rxc6 Nxe3 30. fxe3 Rd5 31. e6 fxe6 32. Ra6 Rd2 33. Rxe6 Kf7 34. Rc6 Re2 35. Rc7+ Kf6 36. Rxa7 Rxe3 37. Kf2 Ra3 38. Ra8 h5 39. h4 Kf5 40. Ra7 g6 41. Ra6 Ra4 42. Kg3 Ra3+ 43. Kf2 Ra4 44. Kg3 Ra3+ 45. Kf2 1/2-1/2


[Site "https://www.chess.com"]

[Event "Titled Tuesday Blitz February 28 Late 2023"]
[White "Grischuk, Alexander"]
[Black "Rosen, Eric"]
[WhiteFideId "4126025"]
[BlackFideId "2032562"]
[WhiteElo "2727"]
[BlackElo "2359"]
[Result "1-0"]
[Round "02"]
[TimeControl "180+2"]
[Date "2023.02.28"]
[WhiteClock "0:00:13"]
[BlackClock "0:00:01"]

1. Nf3 d5 2. g3 Nf6 3. Bg2 e6 4. O-O Bd6 5. c4 dxc4 6. Na3 e5 7. Nxc4 Nc6 8. d4 exd4 9. Nxd4 Nxd4 10. Qxd4 Be7 11. Qxd8+ Bxd8 12. b4 O-O 13. Bb2 Be6 14. Na5 c5 15. a3 Bxa5 16. bxa5 Bd5 17. Bxf6 Bxg2 18. Kxg2 gxf6 19. Rfb1 Rfb8 20. Rb5 b6 21. Kf3 Kf8 22. Rab1 Ke7 23. a4 Rc8 24. axb6 axb6 25. Rxb6 Rxa4 26. Rb7+ Kf8 27. R1b3 Rd4 28. Ra7 c4 29. Rbb7 c3 30. Rxf7+ Ke8 31. Rxh7 Rd7 32. Rhxd7 c2 33. Rh7 Rc3+ 34. Kg2 c1=Q 35. Rh8# 1-0


[Site "https://www.chess.com"]

[Event "Titled Tuesday Blitz February 28 Late 2023"]
[White "Alikhanov, Felix"]
[Black "Martinez Alcantara, Jose Eduardo"]
[WhiteFideId "4157427"]
[BlackFideId "3805662"]
[WhiteElo "2425"]
[BlackElo "2712"]
[Result "0-1"]
[Round "02"]
[TimeControl "180+2"]
[Date "2023.02.28"]
[WhiteClock "0:00:13"]
[BlackClock "0:00:34"]

1. e4 c5 2. Nf3 d6 3. c3 Nf6 4. Be2 g6 5. O-O Bg7 6. Bb5+ Nc6 7. Re1 O-O 8. h3 Bd7 9. d3 a6 10. Ba4 b5 11. Bc2 Rc8 12. Nbd2 h6 13. Nf1 e5 14. Ne3 Be6 15. a4 b4 16. Bb3 Bxb3 17. Qxb3 Na5 18. Qd1 Rb8 19. Bd2 Nc6 20. Nc4 a5 21. Nh2 d5 22. exd5 Qxd5 23. Qe2 Rbd8 24. Be3 e4 25. dxe4 Nxe4 26. Rad1 Qe6 27. cxb4 cxb4 28. Bb6 Rxd1 29. Rxd1 Re8 30. Nxa5 Nxa5 31. Bxa5 Qb3 32. Rd3 Qxa4 33. Re3 Qxa5 34. Rxe4 Rxe4 35. Qxe4 Qa1+ 36. Nf1 Qxb2 37. Qe8+ Bf8 38. Ne3 Qa1+ 39. Kh2 Qd4 40. Ng4 Qd6+ 41. Ne5 Qe6 42. Qxe6 fxe6 43. Nd3 b3 44. Kg3 Ba3 45. Kf4 b2 46. Nxb2 Bxb2 47. g4 Kf7 48. Ke4 Bc1 49. f4 g5 50. f5 Kf6 51. fxe6 Kxe6 52. Kf3 Bd2 53. Ke2 Bb4 54. Kf3 Ke5 55. Kg3 Ke4 56. Kg2 Ke3 57. Kg3 Bd6+ 58. Kg2 Be5 59. Kh1 Kf3 60. Kg1 Kg3 61. Kh1 Kxh3 62. Kg1 Kxg4 63. Kg2 h5 64. Kg1 h4 65. Kg2 Kh5 66. Kh1 g4 67. Kg2 h3+ 68. Kh1 g3 69. Kg1 Bd4+ 70. Kf1 g2+ 71. Ke2 g1=Q 72. Kd3 h2 73. Kc4 h1=Q 74. Kb5 Qb1+ 75. Ka6 Qc6+ 76. Ka5 Qbb5# 0-1


[Site "https://www.chess.com"]

[Event "Titled Tuesday Blitz February 28 Late 2023"]
[White "Melikyan, Gnel"]
[Black "Matlakov, Maxim"]
[WhiteFideId "54109990"]
[BlackFideId "4168003"]
[WhiteElo "2138"]
[BlackElo "2666"]
[Result "0-1"]
[Round "02"]
[TimeControl "180+2"]
[Date "2023.02.28"]
[WhiteClock "0:00:18"]
[BlackClock "0:01:36"]

1. e4 e5 2. Nf3 Nc6 3. d4 exd4 4. Nxd4 Nf6 5. Nxc6 bxc6 6. e5 Qe7 7. Qe2 Nd5 8. c4 Ba6 9. b3 g6 10. g3 Bg7 11. Bb2 O-O-O 12. Bg2 Rhe8 13. O-O Bxe5 14. Qxe5 Qxe5 15. Bxe5 Rxe5 16. cxd5 Bxf1 17. Kxf1 cxd5 18. f4 Re3 19. Bxd5 Rd3 20. Bf3 Re8 21. Kf2 Re6 22. Be2 Rd4 23. Nc3 Rd2 24. Kf1 Rc2 25. Bc4 Rxc3 26. Bxe6 fxe6 27. Kg2 Rc2+ 28. Kh3 d5 29. a3 c5 30. Kg4 h6 31. h4 Rc3 32. b4 c4 33. a4 d4 34. Rd1 d3 35. Kf3 Kd7 36. Ke4 Rc2 37. Ke3 Kd6 38. a5 Kd5 0-1


[Site "https://www.chess.com"]

[Event "Titled Tuesday Blitz February 28 Late 2023"]
[White "Kollars, Dmitrij"]
[Black "Goudriaan, Etienne"]
[WhiteFideId "12909572"]
[BlackFideId "1021150"]
[WhiteElo "2584"]
[BlackElo "2318"]
[Result "1-0"]
[Round "02"]
[TimeControl "180+2"]
[Date "2023.02.28"]
[WhiteClock "0:01:45"]
[BlackClock "0:01:13"]

1. d4 Nf6 2. c4 e6 3. Nf3 d5 4. g3 dxc4 5. Bg2 a6 6. Nbd2 b5 7. b3 c3 8. Nb1 Bb7 9. Nxc3 c5 10. O-O cxd4 11. Qxd4 Qxd4 12. Nxd4 Bxg2 13. Kxg2 Bb4 14. Bb2 Ke7 15. a4 Rc8 16. Rfc1 bxa4 17. Nd5+ Nxd5 18. Rxc8 axb3 19. Rxb8 Rxb8 20. Nc6+ Kd6 21. Nxb8 Bc3 22. Rxa6+ Kc5 23. Rc6+ Kd4 24. Bxc3+ Nxc3 25. Rb6 Kc4 26. Nc6 Nd5 27. Na5+ 1-0


[Site "https://www.chess.com"]

[Event "Titled Tuesday Blitz February 28 Late 2023"]
[White "Fedoseev, Vladimir"]
[Black "Thomforde-Toates, Noah"]
[WhiteFideId "24130737"]
[BlackFideId "30951992"]
[WhiteElo "2752"]
[BlackElo "2629"]
[Result "1-0"]
[Round "02"]
[TimeControl "180+2"]
[Date "2023.02.28"]
[WhiteClock "0:00:13"]
[BlackClock "0:00:31"]

1. e4 c5 2. Nf3 g6 3. c3 Bg7 4. d4 cxd4 5. cxd4 Nf6 6. Nc3 d5 7. e5 Ne4 8. Nxe4 dxe4 9. Ng5 Nc6 10. Bc4 O-O 11. Be3 Qa5+ 12. Bd2 Qb6 13. Bc3 Bf5 14. g4 Rad8 15. gxf5 Nxd4 16. Nxf7 Rxf7 17. Bxf7+ Kxf7 18. Bxd4 Rxd4 19. Qb3+ Qxb3 20. fxg6+ hxg6 21. axb3 a6 22. Ra4 Rd3 23. Rxe4 Rxb3 24. Re2 Rb5 25. f4 Bh6 26. O-O Ke6 27. Kg2 Kf5 28. Ref2 e6 29. Kh3 Rb3+ 30. Kg2 b5 31. h3 a5 32. Ra1 a4 33. Ra3 Rxa3 34. bxa3 Bxf4 35. Rb2 Bc1 36. Rxb5 Bxa3 37. Ra5 Bb2 38. Rxa4 Bxe5 39. Kf3 Bf6 40. Rf4+ Kg5 41. h4+ Kh5 42. Rxf6 e5 43. Kg3 1-0


[Site "https://www.chess.com"]

[Event "Titled Tuesday Blitz February 28 Late 2023"]
[White "Kramnik, Vladimir"]
[Black "Haydon, David L"]
[WhiteFideId "4101588"]
[BlackFideId "415405"]
[WhiteElo "2712"]
[BlackElo "2326"]
[Result "1-0"]
[Round "02"]
[TimeControl "180+2"]
[Date "2023.02.28"]
[WhiteClock "0:00:29"]
[BlackClock "0:01:01"]

1. Nf3 c6 2. g3 d5 3. Bg2 Bg4 4. d3 Bxf3 5. Bxf3 e6 6. e4 Nf6 7. Qe2 Qc7 8. O-O Nbd7 9. Nd2 Bc5 10. Bg2 h5 11. c3 dxe4 12. d4 Be7 13. Nxe4 Nxe4 14. Qxe4 h4 15. c4 Nf6 16. Qe2 O-O-O 17. Rd1 hxg3 18. hxg3 g6 19. b4 Bxb4 20. Rb1 Be7 21. Bf4 Bd6 22. Bg5 Be7 23. Bxf6 Bxf6 24. d5 Rhe8 25. Qf3 Be5 26. Qa3 c5 27. Qxa7 Rd6 28. dxe6 Rxd1+ 29. Rxd1 Rxe6 30. Bxb7+ Qxb7 31. Rd8+ Kxd8 32. Qxb7 Bd4 33. Qxf7 Rf6 34. Qg8+ Kc7 35. Qh7+ Kb6 36. Qh2 Ka5 37. Kf1 Rxf2+ 38. Qxf2 Bxf2 39. Kxf2 Kb4 40. Ke3 Kxc4 41. Kd2 Kb4 42. g4 g5 43. Kd3 Kb5 44. Kc3 c4 45. a3 Kc5 46. a4 Kd5 47. a5 Kc5 48. a6 Kb6 49. Kxc4 Kxa6 50. Kd5 Kb7 51. Ke5 Kc6 52. Kf5 Kd7 53. Kxg5 Ke6 54. Kg6 1-0


[Site "https://www.chess.com"]

[Event "Titled Tuesday Blitz February 28 Late 2023"]
[White "Kvaloy, Aksel Bu"]
[Black "Bluebaum, Matthias"]
[WhiteFideId "1528815"]
[BlackFideId "24651516"]
[WhiteElo "2208"]
[BlackElo "2638"]
[Result "0-1"]
[Round "02"]
[TimeControl "180+2"]
[Date "2023.02.28"]
[WhiteClock "0:01:14"]
[BlackClock "0:02:15"]

1. d4 d5 2. c4 e6 3. Nf3 Nf6 4. g3 Nc6 5. Bg2 Bd6 6. O-O O-O 7. c5 Be7 8. Qc2 Bd7 9. a3 a5 10. Nc3 b6 11. cxb6 cxb6 12. e4 dxe4 13. Nxe4 Rc8 14. Nxf6+ Bxf6 15. Qe4 Ne7 16. Bg5 Bc6 17. Qd3 Bxf3 18. Bxf6 Bxg2 19. Bxe7 Bxf1 0-1


[Site "https://www.chess.com"]

[Event "Titled Tuesday Blitz February 28 Late 2023"]
[White "Tabatabaei, M. Amin"]
[Black "Gunduz, Umut Erdem"]
[WhiteFideId "12521213"]
[BlackFideId "6381383"]
[WhiteElo "2565"]
[BlackElo "2182"]
[Result "1-0"]
[Round "02"]
[TimeControl "180+2"]
[Date "2023.02.28"]
[WhiteClock "0:00:09"]
[BlackClock "0:00:05"]

1. c4 c5 2. g3 g6 3. Bg2 Bg7 4. Nc3 Nc6 5. Nf3 Nh6 6. d4 cxd4 7. Nxd4 Nxd4 8. Bxh6 Bxh6 9. Qxd4 O-O 10. O-O d6 11. Rfd1 Bg7 12. Qe3 Bf5 13. c5 Bxc3 14. bxc3 Qc7 15. cxd6 exd6 16. Qd4 Rfd8 17. h4 h5 18. Bd5 Rab8 19. Qxa7 Qxc3 20. Rac1 Qe5 21. Rd2 Qe7 22. Rb2 Qe5 23. Rxb7 Rxb7 24. Qxb7 Rd7 25. Qa8+ Kg7 26. Bf3 d5 27. Qa5 Qe7 28. a4 d4 29. Qd2 Qa3 30. a5 d3 31. e3 Ra7 32. e4 Be6 33. Rc3 Qa1+ 34. Kg2 Rxa5 35. Qxd3 Qe1 36. Qd4+ Kh7 37. Re3 Qc1 38. Qc3 Qxc3 39. Rxc3 Ra2 40. Re3 Kg7 41. Be2 Kf6 42. Bf1 Ke5 43. Re1 Bb3 44. Kg1 Bc2 45. Bg2 Ra4 46. f4+ Kd4 47. e5 Ra3 48. Kh2 Bf5 49. Re2 Rd3 50. Ra2 Ke3 51. Bh3 Bxh3 52. Kxh3 Kf3 53. Rb2 Re3 54. Rc2 Rd3 55. Kh2 Re3 56. Kh3 Rd3 57. Ra2 Re3 58. Ra7 Rd3 59. Ra1 Re3 60. Rf1+ Ke4 61. Kg2 Re2+ 62. Rf2 Re3 63. Ra2 Kf5 64. Ra7 Kg4 65. Rxf7 Rxg3+ 66. Kf2 Rf3+ 67. Ke2 Ra3 68. e6 Ra6 69. e7 Re6+ 70. Kd3 Kxh4 71. Kd4 g5 72. f5 Re1 73. f6 g4 74. Rf8 g3 75. e8=Q Rxe8 76. Rxe8 Kh3 77. Rg8 g2 78. f7 Kh2 79. f8=Q 1-0


[Site "https://www.chess.com"]

[Event "Titled Tuesday Blitz February 28 Late 2023"]
[White "Poliakova, Varvara"]
[Black "Bortnyk, Olexandr"]
[WhiteFideId "13518313"]
[BlackFideId "14120828"]
[WhiteElo "2075"]
[BlackElo "2734"]
[Result "0-1"]
[Round "02"]
[TimeControl "180+2"]
[Date "2023.02.28"]
[WhiteClock "0:00:29"]
[BlackClock "0:00:43"]

1. e4 Nf6 2. e5 Nd5 3. d4 d6 4. Nf3 dxe5 5. dxe5 Bg4 6. Be2 Nc6 7. c4 Ndb4 8. Bf4 Bxf3 9. gxf3 Qxd1+ 10. Kxd1 O-O-O+ 11. Nd2 Nd4 12. a3 Nxe2 13. Kxe2 Nd3 14. Bg3 Nxb2 15. Rab1 Na4 16. Ne4 e6 17. Bh4 Rd4 18. Rhd1 Rxe4+ 19. fxe4 Nc3+ 20. Kf3 Nxd1 21. Rxd1 Bxa3 22. Rg1 g6 23. Bf6 Re8 24. h4 h5 25. Kf4 Bc5 26. Rf1 a5 27. Kg5 a4 28. Kh6 a3 29. Rd1 b6 30. Kg7 Rf8 31. Ra1 Kb7 32. Bg5 Ra8 33. Kxf7 a2 34. Be3 Bb4 35. Bd4 c5 36. Bb2 b5 37. Kf6 bxc4 38. Kxe6 c3 39. Bc1 c2 40. Bb2 Bd2 41. Kd5 c1=Q 42. Bxc1 Bxc1 0-1


[Site "https://www.chess.com"]

[Event "Titled Tuesday Blitz February 28 Late 2023"]
[White "Svane, Rasmus"]
[Black "Vlassov, Nikolai"]
[WhiteFideId "4657101"]
[BlackFideId "4103360"]
[WhiteElo "2597"]
[BlackElo "2324"]
[Result "1-0"]
[Round "02"]
[TimeControl "180+2"]
[Date "2023.02.28"]
[WhiteClock "0:01:24"]
[BlackClock "0:00:11"]

1. Nf3 c5 2. c4 g6 3. d4 Bg7 4. e4 Qa5+ 5. Nc3 Nf6 6. Bd3 Nc6 7. dxc5 Qxc5 8. O-O O-O 9. Be3 Qa5 10. h3 d6 11. Qd2 Be6 12. a3 Rfc8 13. b4 Qd8 14. Rac1 Qf8 15. Rfe1 Nd7 16. Nd5 Nde5 17. Nxe5 Nxe5 18. Bf1 Rd8 19. f4 Nc6 20. Bf2 b6 21. Bd3 Bc8 22. Bh4 Rd7 23. Kh1 Bb7 24. Be2 Re8 25. Bg4 f5 26. exf5 gxf5 27. Bh5 Nd4 28. Bxe8 Qxe8 29. Nxe7+ Kh8 30. Nxf5 Qh5 31. Nxd4 Qxh4 32. Re8+ Bf8 33. Rxf8+ Kg7 34. Nf5+ 1-0


[Site "https://www.chess.com"]